 Dungeon Crawl Stone Soup version 0.29-a0-817-g9904bce7a6 (webtiles) character file.

Game seed: 8105272201226332648

81 elite277 the Conjurer (level 4, -5/32 HPs)
             Began as a Human Conjurer on July 5, 2022.
             Killed by divine providence
             ... invoked by an orc priest
              (13 damage)
             ... on level 2 of the Dungeon.
             The game lasted 00:08:03 (2588 turns).

elite277 the Conjurer (Human Conjurer)              Turns: 2588, Time: 00:08:03

Health: -5/32      AC:  2    Str:  7    XL:     4   Next: 68%
Magic:  0/9        EV: 13    Int: 21    God:
Gold:   104        SH:  0    Dex: 17    Spells: 6/9 levels left

rFire   . . .      SeeInvis .   m - +0 spear
rCold   . . .      Faith    .   (no shield)
rNeg    . . .      Spirit   .   a - +0 robe
rPois   .          Reflect  .   (no helmet)
rElec   .          Harm     .   (no cloak)
rCorr   .          Rampage  .   (no gloves)
Will    .....                   (no boots)
Stlth   ++........              (no amulet)
HPRegen 0.10/turn               (no ring)
MPRegen 0.11/turn               o - +6 ring of dexterity

@: no status effects
A: no striking features
a: no special abilities


You were on level 2 of the Dungeon.
You visited 1 branch of the dungeon, and saw 2 of its levels.

You collected 104 gold pieces.

Inventory:

Hand Weapons
 d - a +0 club
 m - a +0 spear (weapon)
Missiles
 r - 2 poisoned darts
Armour
 a - a +0 robe (worn)
Jewellery
 f - a ring of willpower
 o - a +6 ring of dexterity (right hand)
 q - a ring of see invisible
Wands
 p - a wand of iceblast (5)
Scrolls
 e - 2 scrolls of identify {unknown}
 h - 2 scrolls of amnesia {unknown}
 i - a scroll of fear {unknown}
 l - a scroll of noise {unknown}
Potions
 b - a potion of curing {unknown}
 c - a potion of heal wounds {unknown}
 g - a potion of cancellation {unknown}
 j - 2 potions of magic
 k - a potion of mutation {unknown}
 n - a potion of degeneration {unknown}


   Skills:
 + Level 1.0 Fighting
 + Level 0.8 Maces & Flails
 + Level 2.4 Dodging
 - Level 2.0 Stealth
 + Level 0.6 Unarmed Combat
 * Level 3.4 Spellcasting
 - Level 4.0 Conjurations


You had 6 spell levels left.
You knew the following spells:

 Your Spells              Type           Power      Damage    Failure   Level
a - Magic Dart            Conj           80%        1d7       2%          1
b - Searing Ray           Conj           40%        2d5       3%          2

Your spell library contained the following spells:

 Spells                   Type           Power      Damage    Failure   Level
 Dazzling Flash           Conj/Hex       24%        N/A       17%         3
 Fulminant Prism          Conj/Hex       6%         3d7       50%         4
 Iskenderun's Mystic Bla  Conj/Tloc      12%        2d5       50%         4
 Starburst                Conj/Fire      6%         6d4       100%        6


Dungeon Overview and Level Annotations

Branches:
Dungeon (2/15)

Altars:

Shops:
D:2 :


Message History

Aim: an orc priest, wielding a +0 hand axe and wearing a +0 scale mail (lightly wounded, poisoned, 81% to hit)
The searing ray hits the orc wizard!
The orc wizard is almost dead.
The searing ray hits the orc priest.
The orc priest is moderately wounded. (Press . to maintain the ray.)
The orc wizard gestures at you while chanting.
The magic dart hits you!
The searing ray misses the orc wizard.
The searing ray misses the orc priest.
The searing ray misses the orc wizard.
The searing ray hits the orc priest but does no damage.
The orc priest is moderately wounded.
The orc wizard barely misses you.
Throw: 3 darts (poison)
Press: ? - help, Shift-Dir - straight line, f/p - orc priest
Aim: an orc priest, wielding a +0 hand axe and wearing a +0 scale mail (moderately wounded, poisoned, 63% to hit)
You throw a poisoned dart.
The poisoned dart closely misses the orc wizard.
The poisoned dart hits the orc priest.
The orc priest looks even sicker.
The orc priest is moderately wounded.
The orc wizard hits you with a +0 dagger.
The orc priest calls down the wrath of Beogh upon you.
Beogh smites you!
* * * LOW HITPOINT WARNING * * *
Okay, then.
Okay, then.
You hit the orc wizard but do no damage.
The orc wizard is almost dead.
The orc wizard mumbles some strange words.
The orc wizard flickers and vanishes!
Deactivating autopickup; reactivate with Ctrl-A.
You're wearing all the rings you can.
Remove which one? (? for menu, Esc to cancel) < or
f - a ring of willpower; > or
o - a +6 ring of dexterity You remove your ring of willpower.
You hear some strange, mumbled words.
Something tries to affect you, but you resist.
The orc priest mumbles some strange prayers to Beogh against you.
Beogh smites you!
You die...

#.# #.....#
#.#. #.#
##.#### #.#.
#.# #.# #.#.
#.#
#.########.#.
#.#
...........'.
#.#
..##########.
#.# ## #.#
####### #@#
....... #{#
####### #o# #
#.###..# ..
#..)o..# ###
####...# .
..# # ... #
#. #


You could see an orc priest (very poisoned).

Vanquished Creatures
  A gnoll (D:1)
  2 adders (D:2)
  A worm (D:2)
  2 dart slugs
  2 orcs (D:2)
  5 bats
  3 endoplasms
  A giant cockroach (D:1)
  3 goblins (D:1)
  8 hobgoblins
  6 ball pythons
  4 frilled lizards
  A kobold (D:1)
  5 rats
44 creatures vanquished.

Vanquished Creatures (others)
  A plant (D:1)
1 creature vanquished.

Grand Total: 45 creatures vanquished

Notes
Turn   | Place    | Note
-------+----------+-------------------------------------------
     0 | D:1      | elite277 the Human Conjurer began the quest for the Orb.
     0 | D:1      | Reached XP level 1. HP: 13/13 MP: 3/3
   388 | D:1      | Reached XP level 2. HP: 13/19 MP: 0/5
   481 | D:1      | Learned a level 2 spell: Searing Ray
   587 | D:1      | Reached XP level 3. HP: 24/24 MP: 1/6
  1909 | D:2      | Reached XP level 4. HP: 31/31 MP: 2/8
  2016 | D:2      | Reached skill level 1 in Fighting
  2228 | D:2      | Found Sibofu's Book Shop.
  2588 | D:2      | Killed from afar by an orc priest

Illustrated notes

Levels and vault maps discovered:
D:1:      minmay_arrival_three_doors, layout_rooms, serial_forest,
          infiniplex_forest_straight_3, infiniplex_forest_lined_2,
          infiniplex_forest_clump_curved, infiniplex_forest_zigzag_1,
          infiniplex_forest_clump_diagonal, infiniplex_forest_3_way,
          infiniplex_forest_end_3, infiniplex_forest_lined_room_,
          infiniplex_forest_end_2, infiniplex_forest_3_way,
          minmay_small_reverse_x
D:2:      layout_basic, serial_shops, shop, chequers_ecumenical_altar_simple

Skill      XL: |  1  2  3  4 |
---------------+-------------+-----
Spellcasting   | 3 |  3.4
Fighting       | 1 |  1.0
Maces & Flails | |  0.8
Dodging        | |  2.4
Stealth        | |  2.0
Unarmed Combat | |  0.6
Conjurations   | |  4.0

Action                   |  1- 3 |  4- 6 || total
-------------------------+-------+-------++-------
Melee: Unarmed           |     6 |       ||     6
       Club              |    44 |       ||    44
       Spear             |     3 |    18 ||    21
       Punch             |       |     2 ||     2
Throw: Dart              |       |     3 ||     3
 Cast: Magic Dart        |    42 |     9 ||    51
       Searing Ray       |     5 |     6 ||    11
  Use: Potion            |     1 |       ||     1
Armor: Robe              |     8 |     5 ||    13
Dodge: Dodged            |    32 |    18 ||    50

Table legend: (Time is in decaauts)
 A = Elapsed time spent in this place.
 B = Non-inter-level travel time spent in this place.
 C = Inter-level travel time spent in this place.
 D = Time resting spent in this place.
 E = Time spent auto-exploring this place.
 F = Levels seen in this place.
 G = Mean time per level.
                   A        B        C        D        E       F      G
               +--------+--------+--------+--------+--------+-----+--------+
         Total |   2600 |   2566 |     34 |    564 |   1427 |   2 | 1300.0 |
       Dungeon |   2600 |   2566 |     34 |    564 |   1427 |   2 | 1300.0 |
               +--------+--------+--------+--------+--------+-----+--------+

Top non-repeatable levels by time:
     D:1: 1706 daAuts
     D:2: 893 daAuts
